 Dungeon Crawl Stone Soup version 0.23.2-1-ga50397a (webtiles) character file.

Game seed: 16294471066924398733

88 diana the Twirler (level 4, 0/34 HPs)
             Began as a Demonspawn Gladiator on May 19, 2019.
             Slain by Robin
             ... wielding a +1 spear of freezing
              (1 damage)
             ... on level 2 of the Dungeon.
             The game lasted 00:02:30 (2400 turns).

diana the Twirler (Demonspawn Gladiator)            Turns: 2400, Time: 00:02:31

Health: 0/34       AC:  4    Str: 16    XL:     4   Next: 29%
Magic:  4/4        EV: 13    Int:  9    God:
Gold:   125        SH:  0    Dex: 14    Spells: 3/3 levels left

rFire    . . .     SeeInvis .   a - +0 quarterstaff
rCold    . . .     Gourm    .   (shield currently unavailable)
rNeg     . . .     Faith    .   b - +0 leather armour
rPois    .         Spirit   .   c - +0 helmet
rElec    .         Reflect  .   (no cloak)
rCorr    .         Harm     .   (no gloves)
MR       .....                  (no boots)
Stlth    +.........             (no amulet)
HPRegen  0.11/turn              (no ring)
MPRegen  0.09/turn              (no ring)

@: no status effects
A: rot immunity
a: no special abilities


You were on level 2 of the Dungeon.
You were hungry.

You visited 1 branch of the dungeon, and saw 2 of its levels.

You collected 125 gold pieces.

Inventory:

Hand Weapons
 a - a +0 quarterstaff (weapon)
Missiles
 d - 3 throwing nets (quivered)
Armour
 b - a +0 leather armour (worn)
 c - a +0 helmet (worn)
Scrolls
 e - 2 scrolls of immolation {unknown}
 g - a scroll of amnesia {unknown}
 h - a scroll of identify {unknown}
 i - 4 scrolls of teleportation {unknown}
 k - 3 scrolls of remove curse {unknown}
Comestibles
 f - 3 rations


   Skills:
 + Level 2.7 Fighting
 * Level 3.6 Staves
 - Level 1.7 Throwing
 + Level 1.3 Armour
 + Level 3.2 Dodging


You had 3 spell levels left.
You didn't know any spells.
Your spell library was empty.

Dungeon Overview and Level Annotations

Branches:
Dungeon (2/15)

Altars:
Cheibriados
The Shining One

Annotations:
D:2 Robin


Innate Abilities, Weirdness & Mutations

You are immune to rotting.


Message History

The hobgoblin goes into a battle-frenzy!
Robin is no longer moving quickly.
The hobgoblin no longer looks unusually strong.
Robin roars a battlecry!
The hobgoblin goes into a battle-frenzy!
You barely miss the hobgoblin.
Robin says, "A pitiful Demonspawn like you will never find the ORB!"
You hit the hobgoblin.
The hobgoblin is heavily wounded.
The hobgoblin no longer looks unusually strong.
The hobgoblin hits you with a +0 club.
* * * LOW HITPOINT WARNING * * *
The hobgoblin barely misses you.
You hit the hobgoblin but do no damage. The hobgoblin barely misses you.
You sock the hobgoblin!
You kill the hobgoblin!
Robin hits you from afar with a +1 spear of freezing.
* * * LOW HITPOINT WARNING * * *
Robin freezes you.
You die...

#.# ######## #####
#.# #......# #.).#
#.######.####.#
#####.#.# #........#
#.#
..(.(.#.############
#.####
##....#....#######
#....#
##.#######...g.gg#
####.#
.gg.g.#....#####)#
#.# #.###.#.#### #@#
#.###### #.# #.#.#
#.# #....... #.#
#.g.# #.# #.######
#.######### ### ###
#.........## #####
#########..## #...#
#...#### #._.#
#......## #...#
##......### ###.###


You could see Robin and a hobgoblin.

Vanquished Creatures
  2 adders (D:2)
  A worm (D:2)
  5 leopard geckos
  4 bats
  3 giant cockroaches (D:2)
  12 goblins
  11 hobgoblins
  4 jackals (D:2)
  7 kobolds
  2 frilled lizards
  3 rats (D:1)
54 creatures vanquished.

Notes
Turn   | Place    | Note
-------+----------+-------------------------------------------
     0 | D:1      | diana the Demonspawn Gladiator began the quest for the Orb.
     0 | D:1      | Reached XP level 1. HP: 16/16 MP: 1/1
    43 | D:1      | Gained mutation: You are immune to rotting. [demonic
                  | ancestry]
    43 | D:1      | Reached XP level 2. HP: 11/22 MP: 2/2
  1090 | D:2      | Reached XP level 3. HP: 23/28 MP: 3/3
  1384 | D:2      | Reached skill level 1 in Armour
  1841 | D:2      | Found a snail-covered altar of Cheibriados.
  2012 | D:2      | Reached XP level 4. HP: 34/34 MP: 4/4
  2019 | D:2      | Found a glowing golden altar of the Shining One.
  2349 | D:2      | Noticed Robin
  2400 | D:2      | HP: 1/34 [Robin/+1 spear of freezing (3)]
  2400 | D:2      | Slain by Robin

Skill      XL: |  1  2  3 |
---------------+----------+-----
Staves         | 3 |  3.6
Dodging        | 3 |  3.2
Armour         | 1 |  1.3
Fighting       | |  2.7
Throwing       | |  1.7

Action                   |  1- 3 |  4- 6 || total
-------------------------+-------+-------++-------
Melee: Quarterstaff      |   140 |    57 ||   197
  Use: Potion            |       |     4 ||     4
  Eat: Chunk             |     4 |       ||     4
Armor: Leather armour    |    23 |    38 ||    61
Dodge: Dodged            |    76 |    87 ||   163
